 Dungeon Crawl Stone Soup version 0.30-a0-881-g1ff12e1e11 (webtiles) character file.

Game seed: 17173921610645007763

233 jimonade the Magician (level 6, -2/43 HPs)
             Began as a Djinni Warper on Mar 14, 2023.
             Splashed by a jelly's acid (5 damage)
             ... on level 5 of the Dungeon.
             The game lasted 00:11:58 (4152 turns).

jimonade the Magician (Djinni Warper)               Turns: 4152, Time: 00:11:59

Health: -2/43      AC: -1    Str: 12    XL:     6   Next: 26%
Gold:   229        EV: 10    Int: 14    God:
                   SH:  0    Dex: 13

rFire   + + .      SeeInvis .    a - +0 spear
rCold   . . .      Faith    .    (no shield)
rNeg    . . .      Spirit   .    t - +0 ring mail
rPois   ∞          Reflect  .    (no helmet)
rElec   .          Rampage  .    (no cloak)
rCorr   .                        i - +0 pair of gloves
Will    .....                    (boots unavailable)
Stlth   +                        (no amulet)
HPRegen 0.27/turn                l - ring of protection from cold
MPRegen 0.00/turn                (no ring)

@: corroded, flying
A: sickness immunity, fire resistance 2, cold vulnerability 1, float, innate
caster, HP casting, extra vitality 1
a: no special abilities


You were on level 5 of the Dungeon.
You visited 1 branch of the dungeon, and saw 5 of its levels.

You collected 229 gold pieces.

Inventory:

Hand Weapons
 a - a +0 spear (weapon)
 w - a +0 flail
Missiles
 d - 6 boomerangs of dispersal (quivered)
 x - 3 poisoned darts
Armour
 b - a +0 leather armour
 i - a +0 pair of gloves (worn)
 k - a +0 buckler
 p - the +1 robe of Demons {rPois Will- SInv Stlth-}
   (You found it on level 2 of the Dungeon)

   rPois:     It protects you from poison.
   SInv:      It lets you see invisible.
   Will:      It decreases your willpower.
   Stlth:     It makes you less stealthy.
 t - a +0 ring mail (worn)
Jewellery
 l - a ring of protection from cold (left hand)
Wands
 f - a wand of quicksilver (6)
Scrolls
 c - a scroll of blinking
 e - a scroll of enchant armour {unknown}
 g - 2 scrolls of teleportation
 j - 2 scrolls of noise {unknown}
 q - a scroll of enchant weapon {unknown}
 s - a scroll of immolation {unknown}
 u - a scroll of brand weapon {unknown}
 y - a scroll of torment {unknown}
Potions
 h - a potion of haste
 m - a potion of cancellation
 n - a potion of lignification
 o - a potion of heal wounds
 v - a potion of mutation
 z - 2 potions of curing
 A - a potion of ambrosia {unknown}


   Skills:
 - Level 2.0 Fighting
 - Level 1.5 Polearms
 - Level 0.7 Throwing
 - Level 1.0 Armour
 - Level 2.1 Dodging
 + Level 5.0 Spellcasting


You knew the following spells:

 Your Spells              Type           Power      Damage    Failure   Level
a - Blink                 Tloc           34%        N/A       8%          2
b - Lesser Beckoning      Tloc           34%        N/A       8%          2
c - Vhi's Electric Charg  Tloc/Air       34%        N/A       14%         3
d - Teleport Other        Tloc           17%        N/A       14%         3
e - Manifold Assault      Tloc           17%        N/A       43%         4
f - Sting                 Tmut/Pois      68%        1d6       4%          1
g - Passwall              Tmut/Erth      14%        N/A       8%          2
Your spell library was empty.

Dungeon Overview and Level Annotations

Branches:
Dungeon (5/15)
 Temple: D:4-7

Altars:


Innate Abilities, Weirdness & Mutations

You are immune to sickness and miasma.
You are immune to poison.
Your flesh is very heat resistant. (rF++)
You are vulnerable to cold. (rC-)
You float through the air rather than walking.
You learn spells naturally, not from books.
Your magical power is your life essence.
You have superior vitality. (+4 MHP)


Message History

You throw a javelin.
The javelin pierces through the jelly but does no damage.
The jelly is lightly wounded.
Throw: 7 boomerangs (disperse)
Press: ? - help, Q - select action, (/) - cycle Shift-Dir - straight line, f/p - jelly
Aim: a jelly (lightly wounded, 89% to hit)
You throw a boomerang of dispersal.
The boomerang of dispersal barely misses the jelly.
Casting: Sting (safe; 4% risk of failure)
Confirm with . or Enter, or press ? or * to list all spells.
You blink.
Throw: 6 boomerangs (disperse)
Press: ? - help, Q - select action, (/) - cycle Shift-Dir - straight line, f/p - jelly
Aim: a jelly (translocational energy, lightly wounded, 89% to hit)
Okay, then.
Unknown command.
You reach to attack!
You barely miss the jelly.
The jelly is lightly wounded.
You hit the jelly.
Your hands burn!
The jelly is heavily wounded.
You feel stable enough to blink again. The jelly barely misses you.
You completely miss the jelly.
The jelly is heavily wounded.
The jelly hits you.
You are splashed with acid.
You hit the jelly. The acid corrodes you!
Your hands burn!
The jelly is severely wounded.
The jelly hits you.
You are splashed with acid!
You hit the jelly. The acid corrodes you!
Your hands burn!
The jelly is almost dead.
The jelly hits you.
You are splashed with acid!
* * * LOW HITPOINT WARNING * * *
You are too injured to fight recklessly!
You hit the jelly but do no damage.
Your hands burn!
* * * LOW HITPOINT WARNING * * *
The jelly is almost dead.
The jelly hits you.
* * * LOW HITPOINT WARNING * * *
You are splashed with acid.
You die...

##
#############..##.
#@J.....((........
###########..##...
#.## ... ....
####.. .## .#


You could see a jelly.

Vanquished Creatures
  An orc wizard (D:3)
  A sleepcap (D:4)
  3 gnolls (D:3)
  5 adders
  An ufetubus (D:4)
  2 worms
  5 dart slugs
  4 orcs (D:3)
  9 ball pythons
  6 endoplasms
  2 giant cockroaches
  10 hobgoblins
  3 jackals (D:4)
  3 quokkas
  5 bats
  5 frilled lizards
  5 goblins
  9 kobolds
  5 rats
84 creatures vanquished.

Notes
Turn   | Place    | Note
-------+----------+-------------------------------------------
     0 | D:1      | jimonade the Djinni Warper began the quest for the Orb.
     0 | D:1      | jimonade set off with the following spells memorised:
                  | Blink, Lesser Beckoning, Vhi's Electric Charge, Teleport
                  | Other, Manifold Assault.
     0 | D:1      | Reached XP level 1. HP: 18/18 MP: 0/0
   148 | D:1      | Reached XP level 2. HP: 14/23 MP: 0/0
   382 | D:1      | Reached skill level 3 in Spellcasting
   564 | D:1      | Found a faded altar of an unknown god.
   573 | D:1      | Reached XP level 3. HP: 25/28 MP: 0/0
   573 | D:1      | Learned a level 1 spell: Sting
  1339 | D:2      | Reached XP level 4. HP: 25/33 MP: 0/0
  1392 | D:2      | Identified the +1 robe of Demons {rPois Will- SInv Stlth-}
  1837 | D:3      | Reached skill level 4 in Spellcasting
  1930 | D:3      | Reached XP level 5. HP: 32/38 MP: 0/0
  1930 | D:3      | Learned a level 2 spell: Passwall
  1951 | D:2      | Upgraded the game from 0.30-a0-879-ga8ba668304 to
                  | 0.30-a0-881-g1ff12e1e11
  3401 | D:4      | Reached XP level 6. HP: 37/43 MP: 0/0
  3731 | D:4      | Reached skill level 5 in Spellcasting
  4124 | D:5      | Entered Level 5 of the Dungeon
  4152 | D:5      | Splashed by a jelly's acid

Illustrated notes

Levels and vault maps discovered:
D:1:      minmay_arrival_nine_rooms, layout_basic, ebering_ecumenical_altar_box,
          solitary_fountain
D:2:      layout_rooms
D:3:      layout_basic, hangedman_decor_points, kennysheep_generic_room_4
D:4:      layout_basic
D:5:      layout_basic, nicolae_dithmenos_shadow_blocks, jmf_multi_god_temple2

Skill      XL: |  1  2  3  4  5  6 |
---------------+-------------------+-----
Spellcasting   | 3 4 5 |  5.0
Fighting       | |  2.0
Polearms       | |  1.5
Throwing       | |  0.7
Armour         | |  1.0
Dodging        | |  2.1

Action                     |  1- 3 |  4- 6 || total
---------------------------+-------+-------++-------
  Melee: Spear             |    77 |    50 ||   127
         Punch             |     2 |       ||     2
  Throw: Javelin           |       |     2 ||     2
         Boomerang         |       |     1 ||     1
   Cast: Sting             |    39 |   110 ||   149
         Lesser Beckoning  |     2 |       ||     2
         Passwall          |       |     1 ||     1
         Blink             |       |     1 ||     1
         Vhi's Electric Ch |       |     1 ||     1
    Use: Scroll            |       |     7 ||     7
 Armour: Leather armour    |    24 |       ||    24
         Ring mail         |       |    38 ||    38
  Dodge: Dodged            |    50 |    53 ||   103

Table legend: (Time is in decaauts)
 A = Elapsed time spent in this place.
 B = Non-inter-level travel time spent in this place.
 C = Inter-level travel time spent in this place.
 D = Time resting spent in this place.
 E = Time spent auto-exploring this place.
 F = Levels seen in this place.
 G = Mean time per level.
                   A        B        C        D        E       F      G
               +--------+--------+--------+--------+--------+-----+--------+
         Total |   4156 |   4015 |    141 |    205 |   2330 |   5 |  831.2 |
       Dungeon |   4156 |   4015 |    141 |    205 |   2330 |   5 |  831.2 |
               +--------+--------+--------+--------+--------+-----+--------+

Top non-repeatable levels by time:
     D:3: 1516 daAuts
     D:1: 1131 daAuts
     D:4: 773 daAuts
     D:2: 705 daAuts
     D:5: 29 daAuts
